 Dungeon Crawl Stone Soup version 0.17.0-7-gfadd4cc (webtiles) character file.

224 dorian the Distorting Demonspawn (level 5, -2/41 HPs)
             Began as a Demonspawn Abyssal Knight on Nov 8, 2015.
             Was a Believer of Lugonu.
             Killed by divine providence
             ... invoked by an orc priest
              (12 damage)
             ... on level 3 of the Dungeon.
             The game lasted 00:08:58 (3135 turns).

dorian the Distorting Demonspawn (DsAK)             Turns: 3135, Time: 00:08:58

Health: -2/41      AC: 14    Str: 13    XL:     5   Next: 67%
Magic:  9/9        EV:  6    Int: 14    God:    Lugonu [**....]
Gold:   118        SH:  0    Dex: 11    Spells: 0 memorised, 4 levels left

rFire  + . .     SeeInvis .     a - +1 hand axe
rCold  . . .     Clarity  .     l - +0 chain mail
rNeg   . . .     SustAt   .     (no shield)
rPois  .         Gourm    .     (helmet restricted)
rElec  .         Spirit   .     o - +0 cloak
rCorr  .         Warding  .     (no gloves)
rMut   .         Stasis   .     (no boots)
MR     .....                    (no amulet)
Stlth  ..........               (no ring)
                                (no ring)

@: very slightly contaminated, hasted, very quick, not resistant to hostile
enchantments, extremely unstealthy
A: antennae 1, rough black scales 1, fire resistance 1, spiny 1
a: Depart the Abyss, Bend Space, Renounce Religion


You were on level 3 of the Dungeon.
You worshipped Lugonu.
Lugonu was pleased with you.
You were not hungry.

You visited 1 branch of the dungeon, and saw 3 of its levels.
You visited the Abyss 1 time.

You collected 118 gold pieces.

Inventory:

Hand Weapons
 a - a +1 hand axe (weapon)
Armour
 b - a +0 leather armour
 l - a +0 chain mail (worn)
 o - a +0 cloak (worn)
Scrolls
 d - 5 scrolls of identify {unknown}
 e - a scroll of enchant armour {unknown}
 g - a scroll of remove curse {unknown}
 m - 3 scrolls of noise {unknown}
 p - a scroll of enchant weapon {unknown}
 q - a scroll of amnesia {unknown}
 r - a scroll of recharging {unknown}
Comestibles
 c - 2 bread rations
 f - 2 slices of pizza
 j - a fruit
 k - a beef jerky
 n - 3 meat rations


   Skills:
 - Level 3.0 Fighting
 + Level 3.2 Axes
 + Level 2.8 Armour
 - Level 0.8 Dodging
 * Level 5.8 Invocations


You had 4 spell levels left.
You didn't know any spells.

Dungeon Overview and Level Annotations

Branches:
Dungeon (3/15)

Altars:


Innate Abilities, Weirdness & Mutations

You have a pair of small antennae on your head.
You are partially covered in rough black scales (AC +4, Dex -1).
Your flesh is heat resistant.
You are partially covered in sharp spines.


Message History

Something smites you!
* * * LOW HITPOINT WARNING * * *
The orc wizard gestures at you while chanting.
The magic dart hits you!
* * * LOW HITPOINT WARNING * * *
The orc wizard points at you and mumbles some strange words.
The magic dart hits you!
* * * LOW HITPOINT WARNING * * *
Drink which item? (? for menu, Esc to quit)
It was a potion of haste.
You feel yourself speed up.
You are very lightly contaminated with residual magic.
Drink which item? (? for menu, Esc to quit)
It was a potion of curing.
You feel better.
The orc wizard is struck by your spines.
The orc wizard hits you but does no damage.
The orc wizard casts a spell at you. The magic dart hits you!
The orc priest calls down the wrath of Beogh upon you.
Something smites you!
You die...

#####.###.###.# ####
#..........##.#######.
#........[............
#...........#.....#...
#...........#.###.#.#.
#...#.#.#...#.#.......
#...#.#.#####.#......#
#...#.#.#####.#......#
#####@#.......#......#
####.###########.#.##
#..{o......#####.#.##
#.....####.#.....#...
#.....# #.####.#####
#.....####.# #.# ##
###.....##.####.# ##.
#..o..##......# ...
#.....######### ...


You could see an orc priest and an orc wizard.

Vanquished Creatures
  2 orc priests
  Crazy Yiuf (D:2)
  A worker ant (D:3)
  3 adders
  An ooze (D:1)
  A worm (D:3)
  A giant gecko (D:2)
  11 orcs
  5 bats
  10 goblins
  4 hobgoblins
  4 jackals
  A ball python (D:2)
  6 giant cockroaches
  2 giant newts (D:3)
  7 kobolds
  2 rats (D:3)
62 creatures vanquished.

Notes
Turn   | Place    | Note
--------------------------------------------------------------
     0 | Abyss:1  | dorian the Demonspawn Abyssal Knight began the quest for the Orb.
     0 | Abyss:1  | Reached XP level 1. HP: 18/18 MP: 2/2
    13 | Abyss:1  | Found a corrupted altar of Lugonu.
   113 | Abyss:1  | Noticed a wretched star
   114 | D:1      | Escaped the Abyss
   475 | D:1      | Gained mutation: You are partially covered in sharp spines. [demonic ancestry]
   475 | D:1      | Reached XP level 2. HP: 12/24 MP: 4/4
   478 | D:1      | Reached * piety under Lugonu
  1211 | D:2      | Gained mutation: You are partially covered in rough black scales (AC +4, Dex -1). [demonic ancestry]
  1211 | D:2      | Reached XP level 3. HP: 13/29 MP: 5/5
  1739 | D:2      | Reached skill level 4 in Invocations
  2143 | D:2      | Noticed Crazy Yiuf
  2149 | D:2      | Killed Crazy Yiuf
  2149 | D:2      | Gained mutation: Your flesh is heat resistant. [demonic ancestry]
  2149 | D:2      | Reached XP level 4. HP: 21/35 MP: 7/7
  2593 | D:3      | Reached ** piety under Lugonu
  2731 | D:2      | Reached skill level 5 in Invocations
  2731 | D:2      | Gained mutation: You have a pair of small antennae on your head. [demonic ancestry]
  2731 | D:2      | Reached XP level 5. HP: 37/41 MP: 8/8
  3135 | D:3      | Killed from afar by an orc priest

Action                   |  1- 3 |  4- 6 || total
-------------------------+-------+-------++-------
Melee: Hand axe          |    59 |    73 ||   132
Invok: Depart the Abyss  |     1 |       ||     1
  Use: Potion            |       |     2 ||     2
  Eat: Chunk             |     3 |     3 ||     6
       Beef jerky        |       |     1 ||     1
